 Dungeon Crawl Stone Soup version 0.31-a0-844-gdc52ec4e09 (webtiles) character file.

Game seed: 5085595209378504734

245 mcwallace the Sneak (level 5, -4/30 HPs)
             Began as a Vampire Enchanter on Sept 29, 2023.
             Slain by an orc priest
             ... wielding a +0 morningstar
              (7 damage)
             ... on level 3 of the Dungeon.
             The game lasted 00:03:31 (1669 turns).

mcwallace the Sneak (Vampire Enchanter)             Turns: 1669, Time: 00:03:31

Health: -4/30      AC:  4    Str:  7    XL:     5   Next: 84%
Magic:  9/9        EV: 13    Int: 18    God:
Gold:   170        SH:  0    Dex: 16    Spells: 4/9 levels left

rFire   . . .        a - +1 dagger {short}
rCold   + + .        (no shield)
rNeg    + + +        b - +0 robe
rPois   ∞            (no helmet)
rElec   .            y - +0 cloak
rCorr   .            A - +0 pair of gloves
SInv    +            (no boots)
Will    .....        (no amulet)
Stlth   +++++        l - +4 ring of slaying
HPRegen 0.00/turn    (no ring)
MPRegen 0.11/turn

%: no passive effects
@: bloodless, inhibited regen, invisible
A: bloodless, fangs 3, see invisible, vampiric 2
a: Bat Form, Revivify


You were on level 3 of the Dungeon.
You visited 1 branch of the dungeon, and saw 3 of its levels.

You collected 170 gold pieces.


Innate Abilities, Weirdness & Mutations

You do not regenerate when monsters are visible.
You are frail without blood (-20% HP).
You can heal yourself when you bite living creatures.
You are immune to poison.
You have razor-sharp teeth.
You have supernaturally acute eyesight. (SInv)
You are afflicted with vampirism and can become a bat while bloodless.


   Skills:
 + Level 1.7 Fighting
 + Level 2.7 Short Blades
 + Level 3.3 Dodging
 + Level 5.8 Stealth
 + Level 2.9 Spellcasting
 + Level 5.6 Hexes


You had 4 spell levels left.
You knew the following spells:

 Your Spells              Type           Power      Damage    Failure   Level
a - Tukima's Dance        Hex            22%        N/A       4%          3
b - Ensorcelled Hibernat  Hex/Ice        24%        N/A       8%          2

Your spell library contained the following spells:

 Spells                   Type           Power      Damage    Failure   Level
 Confusing Touch          Hex            22%        N/A       4%          3
 Dazzling Flash           Conj/Hex       24%        N/A       16%         3
 Blink                    Tloc           4%         N/A       26%         2
 Lesser Beckoning         Tloc           4%         N/A       26%         2
 Momentum Strike          Conj/Tloc      4%         3d8       26%         2

Inventory:

Hand Weapons
 a - a +1 dagger (weapon) {short}
 q - a +0 vampiric scythe {polearm}
   (You took it off Sigmund on level 2 of the Dungeon)
Missiles
 g - 9 poisoned darts {throwing}
 u - 5 stones {throwing}
Armour
 b - a +0 robe (worn)
 e - a +0 leather armour
   (You found it on level 1 of the Dungeon)
 h - a +0 leather armour
   (You found it on level 1 of the Dungeon)
 o - a +0 leather armour
   (You found it on level 1 of the Dungeon)
 r - a +0 robe
   (You took it off Sigmund on level 2 of the Dungeon)
 v - the +7 scale mail of Modesty {Harm +Blink Will++ MP-9}
   (You found it on level 2 of the Dungeon)

   Will++:    It greatly increases your willpower.
   MP-9:      It affects your magic capacity (-9).
   +Blink:    It lets you blink.
   Harm:      It increases damage dealt and taken.
 w - a +0 ring mail
   (You found it on level 2 of the Dungeon)
 y - a +0 cloak (worn)
   (You found it on level 2 of the Dungeon)
 A - a +0 pair of gloves (worn)
   (You found it on level 2 of the Dungeon)
Jewellery
 l - a +4 ring of slaying (left hand)
   (You found it on level 1 of the Dungeon)
Scrolls
 d - a scroll of enchant armour {unknown}
 i - a scroll of identify {unknown}
 k - a scroll of revelation {unknown}
 n - a scroll of immolation {unknown}
 p - a scroll of silence {unknown}
 s - 4 scrolls of torment {unknown}
 t - a scroll of teleportation {unknown}
 x - a scroll of noise {unknown}
Potions
 c - a potion of invisibility
 f - 2 potions of degeneration {unknown}
 j - a potion of curing {unknown}
 m - a potion of lignification {unknown}
 z - 2 potions of haste {unknown}

Dungeon Overview and Level Annotations

Branches:
Dungeon (3/15) Zot: 16341

Altars:

#.# #.# #.# #<# ....
#.# ############# ..o
#†# #†..†.......# .o
#.####.#########.#
#o### .......# #.# ....
################.###..#
..........#.##...#
.###.......@##.#!#
+.......o##..<#
#...<...)..>..+
#.........###.###
######+#+## #.# #.# #.#
#.# #.#


You could see an orc priest (unable to see you).


Message History

There are monsters nearby!
There are monsters nearby!
You closely miss the quokka. The quokka bites you. 😕 HP[-2]
You take 2 damage, and now have 25/30 hp.
You closely miss the quokka.
The quokka bites you but does no damage.
Unknown command.
There are monsters nearby!
You hit the quokka. The quokka barely misses you.
There are monsters nearby!
You hit the quokka but do no damage. You bite the quokka.
You kill the quokka!
The helpless giant cockroach fails to defend itself.
You skewer the giant cockroach like a kebab!!!
You kill the giant cockroach!
No target in view!
You see here a giant cockroach corpse.
A hobgoblin comes into view. 😎 HP[+5]
Your hp is fully restored (30).
A hobgoblin is nearby!
You see here 5 poisoned darts {throwing}.
A hobgoblin is nearby!
Found a stone staircase leading up.
The helpless hobgoblin fails to defend itself.
You bite the hobgoblin, and draw its blood!
You skewer the hobgoblin like a kebab!!!
You kill the hobgoblin!
No target in view!
No target in view!
No target in view!
g - 9 poisoned darts {throwing} (gained 5)
Found a stone staircase leading down.
An endoplasm comes into view.
There is a stone staircase leading up here.
You climb upwards.
There is a stone staircase leading down here.
Nothing quivered!
Key pressed, stopping explore.
Key pressed, stopping explore.
Done exploring.
Done exploring.
Done exploring.
Done exploring.
Done exploring.
There is an escape hatch in the ceiling here.
There is a stone staircase leading down here.
You can't go up here!
You climb downwards.
There is a stone staircase leading up here.
You see here an adder corpse.
You see here a giant cockroach corpse.
Found an escape hatch in the ceiling.
No target in view!
No target in view!
No target in view!
No target in view!
An orc comes into view. It is wielding a +0 short sword.
An orc is nearby!
An orc is nearby!
An orc priest comes into view. It is wielding a +0 morningstar.
An orc and an orc wizard come into view.
The orc priest shouts!
The orc priest mumbles some strange prayers to Beogh against you.
Beogh smites you!
An orc comes into view. It is wielding a +0 hand axe.
The orc moves out of view.
The orc wizard shouts!
You hear a shout! 😮 HP[-9]
You take 9 damage, and now have 21/30 hp.
MASSIVE DAMAGE!! (PAUSE)
The orc priest looks encouraged for a moment. 😮 HP[+1] 😕 HP[+1] 😕 HP[+1]
You closely miss the orc priest.
The orc priest hits you with a +0 morningstar!
* * * LOW HITPOINT WARNING * * *
😨 HP[-9]
You take 9 damage, and now have 15/30 hp.
MASSIVE DAMAGE!! (PAUSE)
You hit the orc priest. You bite the orc priest.
You draw the orc priest's blood!
You feel better.
The orc priest hits you with a +0 morningstar!
* * * LOW HITPOINT WARNING * * *
😨 HP[-4]
You take 4 damage, and now have 11/30 hp.
You hit the orc priest.
The orc priest mumbles some strange prayers to Beogh against you.
Beogh smites you!
* * * LOW HITPOINT WARNING * * *
😱 HP[-8]
You take 8 damage, and now have 3/30 hp.
MASSIVE DAMAGE!! (PAUSE)
You closely miss the orc priest.
The orc priest hits you but does no damage.
You fade into invisibility!
The orc priest hits you with a +0 morningstar!
You die...

Skill      XL: |  1  2  3 |
---------------+----------+-----
Hexes          | 5 |  5.6
Stealth        | 5 |  5.8
Short Blades   | 2 |  2.7
Fighting       | 1 |  1.7
Dodging        | 3 |  3.3
Spellcasting   | |  2.9

Action                     |  1- 3 |  4- 6 || total
---------------------------+-------+-------++-------
  Melee: Dagger            |    84 |    28 ||   112
         Bite              |     9 |     2 ||    11
Ability: Exsanguinate      |       |     1 ||     1
    Use: Potion            |       |     1 ||     1
   Stab: Sleeping          |     8 |    10 ||    18
 Armour: Robe              |    49 |    10 ||    59
  Dodge: Dodged            |    57 |     7 ||    64

Levels and vault maps discovered:
D:1:      wander_arrival_desolate, layout_loops_ring,
          hangedman_abyss_or_decor_lesser_grid, patterned_corridor
D:2:      layout_rooms, shapermc_ecumenical_altar_acropolis,
          ebering_dispersal_statue_hall, uniq_sigmund
D:3:      layout_basic

Notes
Turn   | Place    | Note
-------+----------+-------------------------------------------
     0 | D:1      | mcwallace the Vampire Enchanter began the quest for the
                  | Orb.
     0 | D:1      | Reached XP level 1. HP: 13/13 MP: 3/3
     0 | D:1      | magus.rc [v1.9.6]
    52 | D:1      | Reached XP level 2. HP: 6/19 MP: 5/5
   471 | D:1      | Gained mutation: You are afflicted with vampirism and can
                  | become a bat while bloodless. [Vampire growth]
   471 | D:1      | Reached XP level 3. HP: 16/25 MP: 6/6
   572 | D:1      | You pick up a book of Spatial Translocations and begin
                  | reading...
   572 | D:1      | You add the spells Blink, Momentum Strike and Lesser
                  | Beckoning to your library.
   965 | D:2      | Reached skill level 5 in Hexes
   968 | D:2      | Reached skill level 5 in Stealth
   973 | D:2      | Reached skill level 2 in Short Blades
  1012 | D:2      | Found a faded altar of an unknown god.
  1031 | D:2      | Noticed Sigmund
  1035 | D:2      | Killed Sigmund
  1036 | D:2      | Reached skill level 1 in Fighting
  1036 | D:2      | Reached skill level 3 in Dodging
  1036 | D:2      | Reached XP level 4. HP: 33/33 MP: 6/8
  1036 | D:2      | Reached XP level 5. HP: 38/38 MP: 6/9
  1188 | D:2      | Identified the +7 scale mail of Modesty {Harm +Blink Will++
                  | MP-9}
  1429 | D:2      | Learned a level 3 spell: Tukima's Dance
  1432 | D:2      | Learned a level 2 spell: Ensorcelled Hibernation
  1667 | D:3      | HP: 3/30 [orc priest/divine providence (8)]
  1669 | D:3      | Slain by an orc priest

Vanquished Creatures
  Sigmund (D:2)
  2 adders
  4 dart slugs (D:1)
  11 bats
  An endoplasm (D:2)
  3 giant cockroaches
  8 goblins
  5 hobgoblins
  7 jackals (D:2)
  2 kobolds (D:1)
  5 quokkas
  2 ball pythons (D:1)
  2 frilled lizards (D:1)
  3 rats
56 creatures vanquished.

Table legend:
 A = Non-vault XP
 B = Vault XP
 C = Vault XP percentage of total XP
 D = Non-vault monster count
 E = Vault monster count
 F = Vault count percentage of total count
                 A         B        C        D         E       F
            +---------+---------+-------+---------+---------+-------
      Total |     125 |     226 |  64.4 |      55 |       1 |   1.8
            +---------+---------+-------+---------+---------+-------
        D:1 |      57 |       0 |   0.0 |      29 |       0 |   0.0
        D:2 |      49 |     226 |  82.2 |      22 |       1 |   4.3
        D:3 |      19 |       0 |   0.0 |       4 |       0 |   0.0
            +---------+---------+-------+---------+---------+-------

Skill      XL: |  1  2  3 |
---------------+----------+-----
Hexes          | 5 |  5.6
Stealth        | 5 |  5.8
Short Blades   | 2 |  2.7
Fighting       | 1 |  1.7
Dodging        | 3 |  3.3
Spellcasting   | |  2.9

Action                     |  1- 3 |  4- 6 || total
---------------------------+-------+-------++-------
  Melee: Dagger            |    84 |    28 ||   112
         Bite              |     9 |     2 ||    11
Ability: Exsanguinate      |       |     1 ||     1
    Use: Potion            |       |     1 ||     1
   Stab: Sleeping          |     8 |    10 ||    18
 Armour: Robe              |    49 |    10 ||    59
  Dodge: Dodged            |    57 |     7 ||    64

Illustrated notes

Table legend:
 A = Kills in this place as a percentage of kills in the entire game.
 B = Kills by you in this place as a percentage of kills by you in the entire game.
 C = Kills by friends in this place as a percentage of kills by friends in the entire game.
 D = Other kills in this place as a percentage of other kills in the entire game.
 E = Experience gained in this place as a percentage of experience gained in the entire game.
 F = Experience gained in this place divided by the number of levels of this place that you have seen.
                   A       B       C       D       E      F
               +-------+-------+-------+-------+-------+----------------------
         Total | 100.0 | 100.0 |   N/A |   N/A | 100.0 | 117.0
       Dungeon | 100.0 | 100.0 |   N/A |   N/A | 100.0 | 117.0
               +-------+-------+-------+-------+-------+----------------------

Table legend: (Time is in decaauts)
 A = Elapsed time spent in this place.
 B = Non-inter-level travel time spent in this place.
 C = Inter-level travel time spent in this place.
 D = Time resting spent in this place.
 E = Time spent auto-exploring this place.
 F = Levels seen in this place.
 G = Mean time per level.
                   A        B        C        D        E       F      G
               +--------+--------+--------+--------+--------+-----+--------+
         Total |   1657 |   1555 |    102 |      0 |   1169 |   3 |  552.3 |
       Dungeon |   1657 |   1555 |    102 |      0 |   1169 |   3 |  552.3 |
               +--------+--------+--------+--------+--------+-----+--------+

Top non-repeatable levels by time:
     D:1: 877 daAuts
     D:2: 627 daAuts
     D:3: 153 daAuts
